 Dungeon Crawl Stone Soup version 0.20-a0-809-gaf7f668 (webtiles) character file.

59 Gorglomux the Poker (level 4, 0/33 HPs)
             Began as a Merfolk Skald on Mar 2, 2017.
             Hit by a goblin thrown by Robin (3 damage)
             ... on level 2 of the Dungeon.
             The game lasted 00:05:32 (1742 turns).

Gorglomux the Poker (Merfolk Skald)                 Turns: 1742, Time: 00:05:32

Health: 0/33       AC:  3    Str: 11    XL:     4   Next: 3%
Magic:  3/7        EV: 12    Int: 13    God:
Gold:   121        SH:  0    Dex: 13    Spells: 4/7 levels left

rFire    . . .     SeeInvis .   a - +0 spear
rCold    . . .     Gourm    .   b - +0 leather armour
rNeg     . . .     Faith    .   (no shield)
rPois    .         Spirit   .   (no helmet)
rElec    .         Reflect  .   (no cloak)
rCorr    .         Harm     .   (no gloves)
MR       .....                  (no boots)
Stlth    +.........             (no amulet)
Regen    0.2/turn               (no ring)
MPRegen  0.1/turn               (no ring)

@: no status effects
A: change form in water, swift swim, stealthy swim
a: no special abilities


You were on level 2 of the Dungeon.
You were not hungry.

You visited 1 branch of the dungeon, and saw 2 of its levels.

You collected 121 gold pieces.

Inventory:

Hand Weapons
 a - a +0 spear (weapon)
Armour
 b - a +0 leather armour (worn)
Scrolls
 f - a scroll of enchant armour {unknown}
 h - 3 scrolls of identify {unknown}
 l - a scroll of remove curse {unknown}
 n - a scroll of fog {unknown}
Potions
 e - a potion of brilliance {unknown}
 i - a potion of might {unknown}
 k - a potion of haste {unknown}
 m - a potion of curing {unknown}
Books
 c - a book of Battle

   Spells                             Type                      Level
   a - Infusion                       Charms                       1
   b - Shroud of Golubria             Charms/Translocation         2
   c - Song of Slaying                Charms                       2
   d - Spectral Weapon                Hexes/Charms                 3
   e - Regeneration                   Charms/Necromancy            3
Comestibles
 d - 4 bread rations
 j - 3 royal jellies


   Skills:
 - Level 2.1 Fighting
 + Level 6.1 Polearms
 - Level 0.6 Armour
 - Level 2.6 Dodging
 - Level 2.0 Spellcasting
 - Level 3.2 Charms


You had 4 spell levels left.
You knew the following spells:

 Your Spells              Type           Power        Failure   Level  Hunger
a - Infusion              Chrm           #...         12%         1    ##.....
h - Shroud of Golubria    Chrm/Tloc      #.........   28%         2    ###....


Dungeon Overview and Level Annotations

Branches:
Dungeon (2/15)

Altars:
Elyvilon
Zin

Annotations:
D:2 Robin


Message History

The goblin is severely wounded.
The goblin misses you. The goblin barely misses you. x2
Attack whom?
Press: ? - help, Dir - move target cursor, f/p - goblin
Aim: a goblin (severely wounded)
You barely miss the goblin.
The goblin is severely wounded.
The goblin no longer looks unusually strong.
The goblin barely misses you. The goblin hits you.
* * * LOW HITPOINT WARNING * * *
Attack whom?
Press: ? - help, Dir - move target cursor, f/p - goblin
Aim: a goblin (severely wounded)
You hit the goblin.
You kill the goblin!
The goblin hits you but does no damage.
Your magical contamination has completely faded away.
Robin closely misses you. Robin throws the goblin at you!
You die...

##.P.#.##.#### #....
......##.......# #.##'
#####.#####g...##### ####.
#..)).)(.......# #..^.
###.####.......# ##.##
#g##.....##### #.#
###..g.#....... #.#
#...rg##........ #.#
8.........8#....@##........ #.#
..g..(.....'...g..+........ #.#
8..ggg....8#..)..##........ #.#
#.g.......##.....###########
#.##
#8..g..8##...♣.♣#♣.♣......###...
#g.s..##.................'.....
#8.8##..###♣.....♣......######
#'##..## #...........#######
#.†..## ♣.....♣.....##.....


You could see Robin, 3 goblins and a rat.

Vanquished Creatures
  A gnoll (D:1)
  An ooze (D:2)
  A dart slug (D:2)
  A leopard gecko (D:1)
  3 giant cockroaches
  11 goblins
  4 hobgoblins
  2 jackals (D:2)
  6 kobolds
  3 bats
  3 frilled lizards
  3 rats
39 creatures vanquished.

Notes
Turn   | Place    | Note
-------+----------+-------------------------------------------
     0 | D:1      | Gorglomux the Merfolk Skald began the quest for the Orb.
     0 | D:1      | Reached XP level 1. HP: 16/16 MP: 3/3
   133 | D:1      | Reached skill level 4 in Polearms
   133 | D:1      | Reached XP level 2. HP: 17/22 MP: 0/5
   362 | D:1      | Learned a level 2 spell: Shroud of Golubria
   615 | D:1      | Reached skill level 5 in Polearms
   615 | D:1      | Reached XP level 3. HP: 27/27 MP: 1/6
   880 | D:2      | Found a white marble altar of Elyvilon.
  1177 | D:2      | Found a glowing silver altar of Zin.
  1677 | D:2      | Noticed Robin
  1724 | D:2      | Reached skill level 6 in Polearms
  1733 | D:2      | Reached XP level 4. HP: 7/33 MP: 2/7
  1742 | D:2      | Hit by a goblin thrown by Robin

Vault maps used:
D:1:      minmay_arrival_nine_rooms
D:2:      elyvilon_altar_4, overflow_temple_1_default, serial_forest,
          infiniplex_forest_clump_long, infiniplex_forest_corner_1,
          infiniplex_forest_clump_double, infiniplex_forest_lined_room_2,
          dk_noncrumbling_4, uniq_robin

Skill      XL: |  1  2  3 |
---------------+----------+-----
Polearms       | 4 5 6 |  6.1
Fighting       | |  2.1
Armour         | |  0.6
Dodging        | |  2.6
Spellcasting   | |  2.0
Charms         | |  3.2

Action                   |  1- 3 |  4- 6 || total
-------------------------+-------+-------++-------
Melee: Spear             |   114 |     4 ||   118
       Tailslap          |     1 |       ||     1
 Cast: Infusion          |    18 |       ||    18
       Shroud of Golubri |    10 |       ||    10
  Eat: Chunk             |     4 |       ||     4
Armor: Leather armour    |    18 |     1 ||    19
Dodge: Dodged            |    56 |     7 ||    63
